Map: Alcyone LE

Players

A.I. 1 (Very Easy) - Winner!

  • Race: Protoss Protoss
  • Spawn Location: 1:00

ara

  • Race: Zerg Zerg
  • League: Platinum
  • Spawn Location: 7:00

VOD

Have the link to the VOD?

Description

Time

  • Played on: May 17, 2024, 6:38 p.m.
  • Length: 9:42
Show
View Real Time Build Order
Export as new Build Order

A.I. 1 (Very Easy) Protoss - Winner!

Build Orders:  

Get SALT Encoding   

  12  0:00  Probe  
  13  0:13  Probe  
  14  0:19  Pylon  
  14  0:36  Assimilator  
  14  0:42  Gateway  
  14  0:45  Pylon  
  14  1:12  Assimilator  
  14  1:22  Probe  
  14  1:28  Zealot  
  14  1:30  Probe  
  17  1:33  Cybernetics Core  
  17  1:38  Probe  
  19  1:48  Probe  
  20  1:59  Probe  
  21  2:07  Probe  
  21  2:09  Warp Gate  
  22  2:43  Stalker  
  24  4:12  Probe  
  24  6:14  Probe  
  24  6:54  Probe  
  24  7:22  Probe  
  24  7:27  Adept  
  24  7:29  Pylon  
  27  7:30  Probe  
  27  7:31  Robotics Facility  
  27  7:34  Nexus  
  28  7:40  Probe  
  28  7:52  Probe  
  29  8:04  Probe  
  26  8:15  Observer  
  27  8:25  Stalker  
  29  8:27  Observer  
  30  8:47  Probe  
  30  8:54  Probe  
  31  8:58  Assimilator  
  31  9:00  Assimilator  
  31  9:01  Probe  
  32  9:08  Probe  
  33  9:16  Probe  
  34  9:23  Probe, Zealot  
  37  9:26  Probe  
Show
View Real Time Build Order
Export as new Build Order

ara Zerg 

Build Orders: Hatch First 

Get SALT Encoding   

  12  0:00  Drone  
  13  0:14  Overlord  
  13  0:16  Drone  
  14  0:32  Drone x2  
  16  0:50  Hatchery  
  16  0:53  Drone  
  16  0:56  Drone  
  17  0:59  Drone  
  18  1:10  Extractor  
  17  1:17  Spawning Pool  
  16  1:20  Drone  
  16  1:24  Drone  
  18  1:29  Drone  
  19  1:42  Overlord  
  19  1:54  Drone  
  20  2:06  Queen x2  
  20  2:07  Zergling x4  
  26  2:15  Drone x2  
  28  2:34  Hatchery  
  28  2:35  Drone x3  
  30  2:41  Metabolic Boost  
  30  2:52  Drone x2, Overlord  
  32  3:00  Overlord  
  32  3:01  Drone  
  33  3:07  Drone x2  
  35  3:18  Drone x4  
  39  3:21  Drone  
  40  3:32  Queen  
  42  3:35  Queen  
  44  3:46  Zergling x12  
  44  3:47  Zergling x4  
  52  3:53  Overlord x2  
  52  4:02  Overlord x2  
  52  4:05  Zergling x4  
  52  4:07  Queen  
  56  4:19  Drone x5  
  56  4:22  Drone x2  
  56  4:23  Drone x2  
  65  4:26  Lair  
  65  4:30  Drone x2  
  67  4:36  Drone  
  68  4:44  Zergling x6  
  71  4:45  Evolution Chamber  
  71  4:46  Evolution Chamber  
  71  4:48  Extractor  
  71  4:51  Drone x4, Extractor  
  71  4:54  Drone x5  
  76  5:10  Drone x3  
  79  5:18  Baneling Nest  
  78  5:21  Overlord x2  
  78  5:25  Drone  
  78  5:27  Drone x5  
  84  5:29  Queen x2  
  88  5:38  Drone x2  
  88  5:40  Zerg Ground Armor Level 1  
  90  5:46  Overlord x2  
  90  5:47  Zerg Melee Weapons Level 1  
  90  5:54  Extractor x2  
  88  5:57  Hatchery  
  88  6:04  Drone x12  
  99  6:12  Zergling x10  
  99  6:16  Baneling  
  99  6:17  Baneling x5  
  104  6:20  Centrifugal Hooks  
  104  6:36  Hatchery  
  104  6:38  Hydralisk Den  
  104  6:39  Zergling x22  
  114  6:40  Zergling x2  
  114  6:42  Extractor  
  113  6:51  Overlord x3  
  113  7:06  Hydralisk  
  115  7:10  Hydralisk x2  
  115  7:11  Hydralisk x4  
  115  7:12  Grooved Spines  
  127  7:17  Drone x10  
  137  7:26  Overlord x3  
  137  7:29  Drone  
  138  7:53  Infestation Pit  
  138  7:57  Overlord  
  137  8:01  Drone x3  
  137  8:02  Drone x2, Muscular Augments  
  142  8:06  Extractor  
  142  8:08  Extractor  
  140  8:24  Hydralisk x6  
  152  8:27  Hatchery, Zergling x8  
  152  8:28  Zergling x16  
  152  8:29  Overlord x2  
  163  8:38  Drone x5  
  168  9:03  Hydralisk x6  
  168  9:06  Hydralisk x6  
  168  9:09  Zergling x12  
  199  9:10  Zergling x2  
  199  9:29  Hatchery  
Tags
 
League
Platinum
Matchup
PvZ
Spawn Locations
Cross Positions
Add a new tag
Caveats
  • Supply blocks, unpowered buildings, or Contaminate may cause inaccurate times.
  • Supply counts are checked every 10 seconds.